APP
DANVILLE BRAVES @ BRISTOL PIRATES
09/28/2047
 
TOP OF THE 1ST
Danville Braves batting - Pitching for Bristol Pirates : RHP Hitoshi Yoshihara
Pitching: RHP Hitoshi Yoshihara
Batting: RHB Richard Saquic 0-0: Ball
1-0: SINGLE (Line Drive, 6MD, EV 104.4 MPH)
Batting: RHB Manny Hensley 0-0: Ball
1-0: Foul Ball, location: 2F
1-1: Swinging Strike
1-2: Foul Ball, location: 2F
1-2: Foul Ball, location: 2F
1-2: Ball
2-2: SINGLE (Groundball, 56D, EV 105.0 MPH)
Richard Saquic to second
Batting: LHB Ricardo Sandoval 0-0: Ball
1-0: Ball
2-0: Ball
3-0: Called Strike
3-1: Base on Balls
Richard Saquic to third
Manny Hensley to second
Batting: RHB Chris Trites 0-0: Swinging Strike
0-1: Ball
1-1: Swinging Strike
1-2: Ball
2-2: Ball
3-2: Strikes out swinging
Batting: SHB Karl Starnes 0-0: Ball
1-0: Ball
2-0: Ball
3-0: Hit by Pitch
Richard Saquic scores
Manny Hensley to third
Ricardo Sandoval to second
Batting: LHB Diego Garcia 0-0: Swinging Strike
0-1: Ball
1-1: Foul Ball, location: 2F
1-2: Ball
2-2: Strikes out looking
Batting: RHB Rodolfo Cosme 0-0: Ball
1-0: Ball
2-0: Foul Ball, location: 2F
2-1: Ball
3-1: Foul Ball, location: 2F
3-2: Strikes out swinging
Top of the 1st over - 1 run, 2 hits, 0 errors, 3 left on base; Danville 1 - Bristol 0
BOTTOM OF THE 1ST
Bristol Pirates batting - Pitching for Danville Braves : RHP Gabe Fillmore
Pitching: RHP Gabe Fillmore
Batting: RHB Melvin Durland 0-0: Ball
1-0: Foul Ball, location: 2F
1-1: Ball
2-1: Ball
3-1: Swinging Strike
3-2: Foul Ball, location: 2F
3-2: SINGLE (Flyball, 56D, EV 91.9 MPH)
Batting: LHB Josh Aerni 0-0: Ball
1-0: Called Strike
1-1: Swinging Strike
1-2: Strikes out swinging
Batting: LHB Chad Cutler 0-0: Called Strike
0-1: Ball
1-1: Fly out, F3 (Popup, 3SF, EV 71.9 MPH)
Batting: RHB Alain Marquet 0-0: Called Strike
Melvin Durland steals 2nd base (no throw)
0-1: Ball
1-1: Ball
2-1: Called Strike
2-2: Ball
3-2: 2-RUN HOME RUN (Flyball, 7D, EV 96.9 MPH), Distance : 383 ft
Batting: RHB Dave Fredericks 0-0: Called Strike
0-1: SINGLE (Groundball, 13S, EV 66.9 MPH) (infield hit)
Batting: SHB Ronnie Brooks 0-0: Called Strike
0-1: Ball
Wild Pitch!
Dave Fredericks to second
1-1: Swinging Strike
1-2: Foul Ball, location: 2F
1-2: SINGLE (Flyball, 89S, EV 91.2 MPH)
Dave Fredericks to third
Batting: SHB Don Hauk 0-0: Ball
1-0: Called Strike
1-1: Foul Ball, location: 2F
1-2: Strikes out swinging
Bottom of the 1st over - 2 runs, 4 hits, 0 errors, 2 left on base; Danville 1 - Bristol 2
TOP OF THE 2ND
Danville Braves batting - Pitching for Bristol Pirates : RHP Hitoshi Yoshihara
Batting: RHB Danny Dimas 0-0: Called Strike
0-1: Hit by Pitch
Batting: RHB Mennad Maalik 0-0: Ball
1-0: Fielders Choice at 2nd, 6-4 (Groundball, 6, EV 81.9 MPH)
Batting: RHB Richard Saquic 0-0: Swinging Strike
0-1: Ball
1-1: Swinging Strike
1-2: Foul Ball, location: 2F
1-2: SINGLE (Groundball, 5S, EV 68.8 MPH) (infield hit)
Mennad Maalik to second
Batting: RHB Manny Hensley 0-0: Called Strike
0-1: DOUBLE (Groundball, 5L, EV 102.5 MPH)
Mennad Maalik scores
Richard Saquic to third
Runner from 3rd tries for Home, SAFE, no throw by LF
Batting: LHB Ricardo Sandoval 0-0: Ball
1-0: Ball
2-0: Ball
3-0: Called Strike
3-1: Base on Balls
Batting: RHB Chris Trites 0-0: Ball
1-0: Swinging Strike
1-1: Swinging Strike
1-2: Fielders Choice at 2nd, 6-4 (Groundball, 56, EV 106.9 MPH)
Manny Hensley to third
Batting: SHB Karl Starnes 0-0: Ground out U3 (Groundball, 3L, EV 103.8 MPH)
Top of the 2nd over - 2 runs, 2 hits, 0 errors, 2 left on base; Danville 3 - Bristol 2
BOTTOM OF THE 2ND
Bristol Pirates batting - Pitching for Danville Braves : RHP Gabe Fillmore
Batting: RHB Alex Arzate 0-0: Foul Ball, location: 2F
0-1: Ball
1-1: Called Strike
1-2: Strikes out looking
Batting: SHB Juan Ayala 0-0: Called Strike
0-1: Called Strike
0-2: Strikes out swinging
Batting: RHB Melvin Durland 0-0: Called Strike
0-1: Called Strike
0-2: Foul Ball, location: 2F
0-2: Ball
1-2: Ball
2-2: Foul Ball, location: 2F
2-2: Ball
3-2: Foul Ball, location: 2F
3-2: Ground out 5-3 (Groundball, 5L, EV 92.5 MPH)
Bottom of the 2nd over - 0 runs, 0 hits, 0 errors, 0 left on base; Danville 3 - Bristol 2
TOP OF THE 3RD
Danville Braves batting - Pitching for Bristol Pirates : RHP Hitoshi Yoshihara
Batting: LHB Diego Garcia 0-0: Called Strike
0-1: Foul Ball, location: 2F
0-2: Fly out, F7 (Flyball, 78S, EV 90.6 MPH)
Batting: RHB Rodolfo Cosme 0-0: SINGLE (Line Drive, 34D, EV 104.4 MPH)
Batting: RHB Danny Dimas 0-0: Called Strike
0-1: Ball
1-1: Ball
2-1: Foul Ball, location: 2F
2-2: Foul Ball, location: 2F
2-2: Fly out, F8 (Flyball, 8LXD, EV 86.2 MPH)
Batting: RHB Mennad Maalik 0-0: Called Strike
0-1: Ground out 4-3 (Groundball, 4, EV 88.1 MPH)
Top of the 3rd over - 0 runs, 1 hit, 0 errors, 1 left on base; Danville 3 - Bristol 2
BOTTOM OF THE 3RD
Bristol Pirates batting - Pitching for Danville Braves : RHP Gabe Fillmore
Batting: LHB Josh Aerni 0-0: Ball
1-0: Fly out, F8 (Flyball, 8RM, EV 78.1 MPH)
Batting: LHB Chad Cutler 0-0: Ball
1-0: Ground out 4-3 (Groundball, 4, EV 81.9 MPH)
Batting: RHB Alain Marquet 0-0: Ball
1-0: Called Strike
1-1: Ball
2-1: Ball
3-1: Base on Balls
Batting: RHB Dave Fredericks 0-0: Ball
1-0: Foul Ball, location: 2F
1-1: DOUBLE (Groundball, 5L, EV 108.1 MPH)
Alain Marquet to third
Runner from 3rd tries for Home, SAFE, throw by LF to home
Batting: SHB Ronnie Brooks 0-0: Called Strike
0-1: Foul Ball, location: 2F
0-2: Ball
1-2: Strikes out swinging
Bottom of the 3rd over - 1 run, 1 hit, 0 errors, 1 left on base; Danville 3 - Bristol 3
TOP OF THE 4TH
Danville Braves batting - Pitching for Bristol Pirates : RHP Hitoshi Yoshihara
Batting: RHB Richard Saquic 0-0: Foul Ball, location: 2F
0-1: Ball
1-1: Ball
2-1: Swinging Strike
2-2: Ball
3-2: Strikes out swinging
Batting: RHB Manny Hensley 0-0: Ball
1-0: Called Strike
1-1: Called Strike
1-2: SOLO HOME RUN (Flyball, 7D, EV 98.8 MPH), Distance : 393 ft
Batting: LHB Ricardo Sandoval 0-0: Ball
1-0: Foul Ball, location: 2F
1-1: Ball
2-1: DOUBLE (Line Drive, 3D, EV 99.4 MPH)
Batting: RHB Chris Trites 0-0: Swinging Strike
0-1: Ground out 4-3 (Groundball, 4S, EV 70.0 MPH)
Ricardo Sandoval to third
Batting: SHB Karl Starnes 0-0: Ball
1-0: Ground out 5-3 (Groundball, 5L, EV 104.4 MPH)
Top of the 4th over - 1 run, 2 hits, 0 errors, 1 left on base; Danville 4 - Bristol 3
BOTTOM OF THE 4TH
Bristol Pirates batting - Pitching for Danville Braves : RHP Gabe Fillmore
Batting: SHB Don Hauk 0-0: Foul Ball, location: 2F
0-1: Ball
1-1: Ball
2-1: Ball
3-1: Swinging Strike
3-2: SINGLE (Groundball, 4D, EV 110.0 MPH)
Batting: RHB Alex Arzate 0-0: Ball
1-0: Fielders Choice at 2nd, 5-4 (Groundball, 56S, EV 79.4 MPH)
Batting: SHB Juan Ayala 0-0: Ball
Alex Arzate steals 2nd base
1-0: SINGLE (Groundball, 15S, EV 70.6 MPH) (infield hit)
Alex Arzate to third
Batting: RHB Melvin Durland 0-0: Foul Ball, location: 2F
0-1: Ball
1-1: Foul Ball, location: 2F
1-2: Ball
2-2: Fielders Choice at 2nd, 6-4 (Groundball, 6, EV 80.6 MPH)
Alex Arzate scores
Batting: LHB Josh Aerni 0-0: Called Strike
0-1: Called Strike
0-2: Ball
1-2: Ball
2-2: Ground out 4-3 (Groundball, 4MS, EV 88.1 MPH)
Bottom of the 4th over - 1 run, 2 hits, 0 errors, 1 left on base; Danville 4 - Bristol 4
TOP OF THE 5TH
Danville Braves batting - Pitching for Bristol Pirates : RHP Hitoshi Yoshihara
Pitching: RHP Sakio Miyamoto
Batting: LHB Diego Garcia 0-0: Called Strike
0-1: Called Strike
0-2: Foul Ball, location: 2F
0-2: Foul Ball, location: 2F
0-2: Ball
1-2: Ground out U3 (Groundball, 34, EV 103.8 MPH)
Batting: RHB Rodolfo Cosme 0-0: Called Strike
0-1: Ball
1-1: Called Strike
1-2: Strikes out swinging
Batting: RHB Danny Dimas 0-0: Swinging Strike
0-1: Ball
1-1: Ball
2-1: Ball
3-1: Reached on error, E5 (Groundball, 5, EV 82.5 MPH)
Batting: RHB Mennad Maalik 0-0: Ball
1-0: SINGLE (Groundball, 56, EV 106.9 MPH)
Danny Dimas to second
Runner from 2nd tries for 3rd, SAFE, throw by LF made to third
Batting: RHB Richard Saquic 0-0: Ball
1-0: Foul Ball, location: 2F
1-1: Swinging Strike
1-2: Ball
Wild Pitch!
Danny Dimas scores
Mennad Maalik to second
2-2: Foul Ball, location: 2F
2-2: Foul Ball, location: 2F
2-2: Strikes out swinging
Top of the 5th over - 1 run, 1 hit, 1 error, 1 left on base; Danville 5 - Bristol 4
BOTTOM OF THE 5TH
Bristol Pirates batting - Pitching for Danville Braves : RHP Gabe Fillmore
Batting: LHB Chad Cutler 0-0: Called Strike
0-1: Ball
1-1: Ball
2-1: Swinging Strike
2-2: Foul Ball, location: 2F
2-2: Ground out U3 (Groundball, 3L, EV 108.8 MPH)
Batting: RHB Alain Marquet 0-0: Called Strike
0-1: Foul Ball, location: 2F
0-2: SINGLE (Groundball, 15S, EV 63.8 MPH) (infield hit)
Batting: RHB Dave Fredericks 0-0: Fielders Choice at 2nd, 5-4 (Groundball, 5L, EV 81.2 MPH)
Batting: SHB Ronnie Brooks 0-0: Ball
Wild Pitch!
Dave Fredericks to second
1-0: Called Strike
1-1: Foul Ball, location: 2F
1-2: Fly out, F7 (Flyball, 7, EV 89.4 MPH)
Bottom of the 5th over - 0 runs, 1 hit, 0 errors, 1 left on base; Danville 5 - Bristol 4
TOP OF THE 6TH
Danville Braves batting - Pitching for Bristol Pirates : RHP Sakio Miyamoto
Batting: RHB Manny Hensley 0-0: Ball
1-0: Ball
2-0: Foul Ball, location: 2F
2-1: Swinging Strike
2-2: Ball
3-2: Strikes out swinging
Batting: LHB Ricardo Sandoval 0-0: Called Strike
0-1: Ball
1-1: Called Strike
1-2: Ball
2-2: Strikes out swinging
Batting: RHB Chris Trites 0-0: Called Strike
0-1: Foul Ball, location: 2F
0-2: Ball
1-2: Strikes out looking
Top of the 6th over - 0 runs, 0 hits, 0 errors, 0 left on base; Danville 5 - Bristol 4
BOTTOM OF THE 6TH
Bristol Pirates batting - Pitching for Danville Braves : RHP Gabe Fillmore
Batting: SHB Don Hauk 0-0: Ball
1-0: Called Strike
1-1: Ball
2-1: Ball
3-1: Fly out, F6 (Popup, 6MD, EV 66.2 MPH)
Pitching: RHP Geronimo Savio
Batting: RHB Alex Arzate 0-0: Fly out, F8 (Line Drive, 8LM, EV 95.0 MPH)
Batting: SHB Juan Ayala 0-0: Ball
1-0: Fly out, F7 (Line Drive, 7D, EV 103.8 MPH)
Bottom of the 6th over - 0 runs, 0 hits, 0 errors, 0 left on base; Danville 5 - Bristol 4
TOP OF THE 7TH
Danville Braves batting - Pitching for Bristol Pirates : RHP Sakio Miyamoto
Batting: SHB Karl Starnes 0-0: Ball
1-0: Ball
2-0: Foul Ball, location: 2F
2-1: Fly out, F7 (Flyball, 7D, EV 92.5 MPH)
Batting: LHB Diego Garcia 0-0: Ball
1-0: Ball
2-0: Foul Ball, location: 2F
2-1: Ground out U3 (Groundball, 3, EV 85.6 MPH)
Batting: RHB Rodolfo Cosme 0-0: Swinging Strike
0-1: Swinging Strike
0-2: Ball
1-2: Strikes out swinging
Top of the 7th over - 0 runs, 0 hits, 0 errors, 0 left on base; Danville 5 - Bristol 4
BOTTOM OF THE 7TH
Bristol Pirates batting - Pitching for Danville Braves : RHP Geronimo Savio
Batting: RHB Melvin Durland 0-0: Foul Ball, location: 2F
0-1: Ground out 5-3 (Groundball, 5S, EV 68.1 MPH)
Batting: LHB Josh Aerni 0-0: Ball
1-0: Ball
2-0: Ground out 4-3 (Groundball, 4, EV 102.5 MPH)
Batting: LHB Chad Cutler 0-0: Ball
1-0: Fly out, F4 (Line Drive, 4M, EV 71.9 MPH)
Bottom of the 7th over - 0 runs, 0 hits, 0 errors, 0 left on base; Danville 5 - Bristol 4
TOP OF THE 8TH
Danville Braves batting - Pitching for Bristol Pirates : RHP Sakio Miyamoto
Pitching: RHP Eldon Darrah
Batting: RHB Danny Dimas 0-0: Swinging Strike
0-1: Ground out 5-3 (Groundball, 5, EV 105.6 MPH)
Batting: RHB Mennad Maalik 0-0: Ball
1-0: Ball
2-0: Ball
3-0: Called Strike
3-1: Foul Ball, location: 2F
3-2: Strikes out swinging
Batting: RHB Richard Saquic 0-0: Swinging Strike
0-1: DOUBLE (Line Drive, 9LD, EV 108.8 MPH)
Batting: RHB Manny Hensley 0-0: Ball
1-0: Foul Ball, location: 2F
1-1: Ball
2-1: Ball
3-1: Foul Ball, location: 2F
3-2: Base on Balls
Batting: LHB Ricardo Sandoval 0-0: Ball
1-0: Ball
2-0: Foul Ball, location: 2F
2-1: Swinging Strike
2-2: Fly out, F6 (Popup, 6, EV 76.9 MPH)
Top of the 8th over - 0 runs, 1 hit, 0 errors, 2 left on base; Danville 5 - Bristol 4
BOTTOM OF THE 8TH
Bristol Pirates batting - Pitching for Danville Braves : RHP Geronimo Savio
Batting: RHB Alain Marquet 0-0: Ball
1-0: Ball
2-0: Swinging Strike
2-1: Ball
3-1: Base on Balls
Pitching: RHP Jessie Mattei
Pinch Hitting: LHB Tomohiro Yokoyama 0-0: Ball
1-0: Ball
2-0: Fielders Choice at 2nd, 4-6 (Groundball, 34D, EV 80.0 MPH)
Batting: SHB Ronnie Brooks 0-0: Ball
1-0: Called Strike
1-1: Fielders Choice at 2nd, U6 (Groundball, 4M, EV 103.1 MPH)
Batting: SHB Don Hauk 0-0: Called Strike
0-1: SINGLE (Groundball, 6MS, EV 84.4 MPH) (infield hit)
Ronnie Brooks to second
Batting: RHB Alex Arzate 0-0: Hit by Pitch
Ronnie Brooks to third
Don Hauk to second
Pinch Hitting: LHB Norm Silveira-Wray 0-0: Ball
1-0: Swinging Strike
1-1: Called Strike
1-2: Strikes out swinging
Bottom of the 8th over - 0 runs, 1 hit, 0 errors, 3 left on base; Danville 5 - Bristol 4
TOP OF THE 9TH
Danville Braves batting - Pitching for Bristol Pirates : RHP Eldon Darrah
Now at 1B: Norm Silveira-Wray
Now at 3B: Alain Marquet
Now in LF: Tomohiro Yokoyama
Batting: RHB Chris Trites 0-0: Ball
1-0: Foul Ball, location: 2F
1-1: Swinging Strike
1-2: Foul Ball, location: 2F
1-2: Strikes out swinging
Batting: SHB Karl Starnes 0-0: Ball
1-0: Ball
2-0: Called Strike
2-1: Swinging Strike
2-2: Strikes out swinging
Batting: LHB Diego Garcia 0-0: Called Strike
0-1: Swinging Strike
0-2: Ball
1-2: Ball
2-2: Foul Ball, location: 2F
2-2: Strikes out swinging
Top of the 9th over - 0 runs, 0 hits, 0 errors, 0 left on base; Danville 5 - Bristol 4
BOTTOM OF THE 9TH
Bristol Pirates batting - Pitching for Danville Braves : RHP Jessie Mattei
Pitching: LHP Tyler Portier
Batting: RHB Melvin Durland 0-0: Foul Ball, location: 2F
0-1: Called Strike
0-2: Fly out, F6 (Popup, 6M, EV 71.2 MPH)
Batting: LHB Josh Aerni 0-0: Called Strike
0-1: Foul Ball, location: 2F
0-2: Strikes out swinging
Pinch Hitting: RHB Hector Barajas 0-0: Foul Ball, location: 2F
0-1: Foul Ball, location: 2F
0-2: Ball
1-2: Ball
2-2: Strikes out swinging
Bottom of the 9th over - 0 runs, 0 hits, 0 errors, 0 left on base; Danville 5 - Bristol 4
Thursday, December 15th , 2022 - OOTP Baseball 23.9 Build 102